MWL (24 & UNDER)
WISCONSIN RAPIDS RANGERS @ ERIE JAXX
09/24/2026
 
TOP OF THE 1ST
Wisconsin Rapids Rangers batting - Pitching for Erie Jaxx : RHP Steve Newman
Pitching: RHP Steve Newman
Batting: RHB Hunter Plunket 0-0: Ball
1-0: Ground out 5-3 (Groundball, 56)
Batting: LHB Ronald Gordon 0-0: Ball
1-0: Swinging Strike
1-1: Foul Ball, location: 2F
1-2: Strikes out swinging, 2-3 out at first.
Batting: RHB Luis López 0-0: Called Strike
0-1: Ball
1-1: Ball
2-1: Ball
3-1: Base on Balls
Batting: LHB Luis Rodríguez 0-0: Ground out 1-3 (Groundball, 13S)
Top of the 1st over - 0 run(s), 0 hit(s), 0 error(s), 1 left on base; Wisconsin Rapids 0 - Erie 0
BOTTOM OF THE 1ST
Erie Jaxx batting - Pitching for Wisconsin Rapids Rangers : RHP Carl Willis
Pitching: RHP Carl Willis
Batting: RHB Luis Fuentes 0-0: Ball
1-0: Called Strike
1-1: Swinging Strike
1-2: Ball
2-2: Foul Ball, location: 2F
2-2: Foul Ball, location: 2F
2-2: Ball
3-2: Strikes out looking
Batting: LHB Josh Pérez 0-0: Ball
1-0: Ball
2-0: Called Strike
2-1: Ball
3-1: Base on Balls
Batting: RHB Bobby Murdock 0-0: Called Strike
Josh Pérez steals 2nd base
0-1: Swinging Strike
0-2: Ball
1-2: Ball
2-2: Hit by Pitch
Pinch Runner at 1st Jerry Moore:
Batting: LHB Milton Watson 0-0: Ball
1-0: SINGLE (Groundball, 56D)
Josh Pérez to third
Jerry Moore to second
Runner from 3rd tries for Home, SAFE, no throw or cutoff
Batting: RHB Steve Clifton 0-0: Ground out 5-3 (Groundball, 5S)
Jerry Moore to third
Milton Watson to second
Batting: RHB Alfredo Ramírez 0-0: Fly out, F7 (Flyball, 78M)
Bottom of the 1st over - 1 run(s), 1 hit(s), 0 error(s), 2 left on base; Wisconsin Rapids 0 - Erie 1
TOP OF THE 2ND
Wisconsin Rapids Rangers batting - Pitching for Erie Jaxx : RHP Steve Newman
Now in RF: Jerry Moore
Batting: SHB Forest Cruz 0-0: Ball
1-0: Swinging Strike
1-1: Called Strike
1-2: Foul Ball, location: 2F
1-2: Ball
2-2: Foul Ball, location: 2F
2-2: SINGLE (Groundball, 15S) (infield hit)
Batting: RHB Salvador Vázquez 0-0: Ball
1-0: Ball
2-0: Called Strike
2-1: Swinging Strike
2-2: Ball
3-2: Foul Ball, location: 2F
3-2: Foul Ball, location: 2F
3-2: Foul Ball, location: 2F
3-2: Base on Balls
Forest Cruz to second
Batting: SHB José González 0-0: Foul Ball, location: 2F
0-1: Ball
1-1: Foul Ball, location: 2F
1-2: Foul Ball, location: 2F
1-2: Foul Ball, location: 2F
1-2: Ball
2-2: Strikes out swinging
Batting: RHB Eric Thompson 0-0: Ball
1-0: SINGLE (Line Drive, 6MD)
Forest Cruz to third
Salvador Vázquez to second
Pitching: LHP Alfredo García
Batting: RHB Pedro Ramírez 0-0: Called Strike
0-1: Ball
1-1: Fly out, F7 (Flyball, 78M)
Runner from 3rd tags up, SCORES, throw made
Batting: RHB Hunter Plunket 0-0: Ball
1-0: Ball
2-0: Fly out, F7 (Flyball, 78M)
Top of the 2nd over - 1 run(s), 2 hit(s), 0 error(s), 2 left on base; Wisconsin Rapids 1 - Erie 1
BOTTOM OF THE 2ND
Erie Jaxx batting - Pitching for Wisconsin Rapids Rangers : RHP Carl Willis
Batting: SHB Giel Molendijk 0-0: Called Strike
0-1: Swinging Strike
0-2: Ball
1-2: Ball
2-2: Ball
3-2: Ground out 1-3 (Groundball, 13S)
Batting: RHB Júlio Hernández 0-0: Foul Ball, location: 2F
0-1: Ground out 6-3 (Groundball, 6)
Batting: RHB Cristián Cauozos 0-0: Called Strike
0-1: Swinging Strike
0-2: Strikes out looking
Bottom of the 2nd over - 0 run(s), 0 hit(s), 0 error(s), 0 left on base; Wisconsin Rapids 1 - Erie 1
TOP OF THE 3RD
Wisconsin Rapids Rangers batting - Pitching for Erie Jaxx : LHP Alfredo García
Batting: LHB Ronald Gordon 0-0: Foul Ball, location: 2F
0-1: Called Strike
0-2: Fly out, F7 (Flyball, 7M)
Batting: RHB Luis López 0-0: SINGLE (Groundball, 6MD)
Batting: LHB Luis Rodríguez 0-0: Ball
1-0: Ball
2-0: Grounds into double play, 5-4-3 (Groundball, 56)
Top of the 3rd over - 0 run(s), 1 hit(s), 0 error(s), 0 left on base; Wisconsin Rapids 1 - Erie 1
BOTTOM OF THE 3RD
Erie Jaxx batting - Pitching for Wisconsin Rapids Rangers : RHP Carl Willis
Batting: RHB Luis Fuentes 0-0: Foul Ball, location: 2F
0-1: Fly out, F8 (Line Drive, 78M)
Batting: LHB Josh Pérez 0-0: Called Strike
0-1: Foul Ball, location: 2F
0-2: Ball
1-2: Ball
2-2: Ball
3-2: Base on Balls
Batting: RHB Jerry Moore 0-0: Ball
1-0: Called Strike
1-1: Ball
2-1: Fly out, F5 (Line Drive, 5)
Batting: LHB Milton Watson 0-0: Called Strike
0-1: Ball
1-1: Foul Ball, location: 2F
1-2: Strikes out swinging
Bottom of the 3rd over - 0 run(s), 0 hit(s), 0 error(s), 1 left on base; Wisconsin Rapids 1 - Erie 1
TOP OF THE 4TH
Wisconsin Rapids Rangers batting - Pitching for Erie Jaxx : LHP Alfredo García
Batting: SHB Forest Cruz 0-0: Ball
1-0: Ball
2-0: Called Strike
2-1: Ball
3-1: Base on Balls
Batting: RHB Salvador Vázquez 0-0: Ball
1-0: Foul Ball, location: 2F
1-1: Foul Ball, location: 2F
1-2: Ball
2-2: Ball
3-2: Strikes out swinging
Batting: SHB José González 0-0: Foul Ball, location: 2F
0-1: Fly out, F9 (Line Drive, 9LM)
Batting: RHB Eric Thompson 0-0: Called Strike
0-1: Ball
1-1: Foul Ball, location: 2F
1-2: Ground out 4-3 (Groundball, 4)
Top of the 4th over - 0 run(s), 0 hit(s), 0 error(s), 1 left on base; Wisconsin Rapids 1 - Erie 1
BOTTOM OF THE 4TH
Erie Jaxx batting - Pitching for Wisconsin Rapids Rangers : RHP Carl Willis
Batting: RHB Steve Clifton 0-0: Ball
1-0: Ball
2-0: Called Strike
2-1: Foul Ball, location: 2F
2-2: Strikes out swinging
Batting: RHB Alfredo Ramírez 0-0: Swinging Strike
0-1: Ball
1-1: Ball
2-1: Swinging Strike
2-2: Ball
3-2: Foul Ball, location: 2F
3-2: Strikes out looking
Batting: SHB Giel Molendijk 0-0: Ball
1-0: Ball
2-0: Called Strike
2-1: Foul Ball, location: 2F
2-2: Foul Ball, location: 2F
2-2: Foul Ball, location: 2F
2-2: Ball
3-2: Foul Ball, location: 2F
3-2: Base on Balls
Batting: RHB Júlio Hernández 0-0: Foul Ball, location: 2F
0-1: Called Strike
0-2: SINGLE (Groundball, 56D) (infield hit)
Giel Molendijk to second
Batting: RHB Cristián Cauozos 0-0: Ball
1-0: Foul Ball, location: 2F
1-1: Ball
2-1: Called Strike
2-2: Strikes out looking
Bottom of the 4th over - 0 run(s), 1 hit(s), 0 error(s), 2 left on base; Wisconsin Rapids 1 - Erie 1
TOP OF THE 5TH
Wisconsin Rapids Rangers batting - Pitching for Erie Jaxx : LHP Alfredo García
Batting: RHB Pedro Ramírez 0-0: Swinging Strike
0-1: Ball
1-1: Foul Ball, location: 2F
1-2: Strikes out swinging
Batting: RHB Hunter Plunket 0-0: Reached on error, E6 (Groundball, 6M)
Batting: LHB Ronald Gordon 0-0: Ball
1-0: Ball
Hunter Plunket steals 2nd base
2-0: Called Strike
2-1: SINGLE (Flyball, 7S)
Hunter Plunket to third
Runner from 3rd tries for Home, SAFE, throw made home
Batting: RHB Luis López 0-0: Ball
1-0: Ball
2-0: Called Strike
2-1: Swinging Strike
2-2: Strikes out swinging
Batting: LHB Luis Rodríguez 0-0: Ball
1-0: SINGLE (Groundball, 34D)
Ronald Gordon to second
Runner from 2nd tries for 3rd, SAFE, throw made to third
Batting: SHB Forest Cruz 0-0: Swinging Strike
0-1: Ball
1-1: Ball
2-1: Swinging Strike
2-2: Hit by Pitch
Luis Rodríguez to second
Batting: RHB Salvador Vázquez 0-0: Foul Ball, location: 2F
0-1: Swinging Strike
0-2: Ball
1-2: Strikes out looking
Top of the 5th over - 1 run(s), 2 hit(s), 1 error(s), 3 left on base; Wisconsin Rapids 2 - Erie 1
BOTTOM OF THE 5TH
Erie Jaxx batting - Pitching for Wisconsin Rapids Rangers : RHP Carl Willis
Batting: RHB Luis Fuentes 0-0: Ball
1-0: Foul Ball, location: 2F
1-1: Called Strike
1-2: Strikes out swinging
Batting: LHB Josh Pérez 0-0: Ground out 4-3 (Groundball, 34)
Batting: RHB Jerry Moore 0-0: Called Strike
0-1: Ball
1-1: Ball
2-1: Ball
3-1: Base on Balls
Batting: LHB Milton Watson 0-0: Ball
1-0: Called Strike
1-1: Fly out, F3 (Popup, 3S)
Bottom of the 5th over - 0 run(s), 0 hit(s), 0 error(s), 1 left on base; Wisconsin Rapids 2 - Erie 1
TOP OF THE 6TH
Wisconsin Rapids Rangers batting - Pitching for Erie Jaxx : LHP Alfredo García
Batting: SHB José González 0-0: Foul Ball, location: 2F
0-1: Ball
1-1: Foul Ball, location: 2F
1-2: Hit by Pitch
Batting: RHB Eric Thompson 0-0: Ball
1-0: Ball
2-0: Ball
3-0: Base on Balls
José González to second
Batting: RHB Pedro Ramírez 0-0: Called Strike
0-1: Ball
1-1: Ball
2-1: Swinging Strike
2-2: SINGLE (Line Drive, 56D)
José González to third
Eric Thompson to second
Pitching: RHP Javier Bustamante
Batting: RHB Hunter Plunket 0-0: Ball
1-0: Ball
2-0: Ball
3-0: Called Strike
3-1: Foul Ball, location: 2F
3-2: Foul Ball, location: 2F
3-2: Foul Ball, location: 2F
3-2: Strikes out swinging
Batting: LHB Ronald Gordon 0-0: Swinging Strike
0-1: Foul Ball, location: 2F
0-2: Strikes out looking
Batting: RHB Luis López 0-0: Called Strike
0-1: Foul Ball, location: 2F
0-2: Ball
1-2: Ball
2-2: Foul Ball, location: 2F
2-2: Foul Ball, location: 2F
2-2: Foul Ball, location: 2F
2-2: Strikes out swinging
Top of the 6th over - 0 run(s), 1 hit(s), 0 error(s), 3 left on base; Wisconsin Rapids 2 - Erie 1
BOTTOM OF THE 6TH
Erie Jaxx batting - Pitching for Wisconsin Rapids Rangers : RHP Carl Willis
Batting: RHB Steve Clifton 0-0: Called Strike
0-1: Foul Ball, location: 2F
0-2: Ground out U3 (Groundball, 3)
Batting: RHB Alfredo Ramírez 0-0: Called Strike
0-1: Foul Ball, location: 2F
0-2: Ball
1-2: Foul Ball, location: 2F
1-2: Foul Ball, location: 2F
1-2: SOLO HOME RUN (Line Drive, 9D), Distance : 354 ft
Pitching: RHP Michael Peterson
Batting: SHB Giel Molendijk 0-0: Swinging Strike
0-1: Fly out, F8 (Line Drive, 8RM)
Batting: RHB Júlio Hernández 0-0: Swinging Strike
0-1: Ball
1-1: Ground out 5-3 (Groundball, 5)
Bottom of the 6th over - 1 run(s), 1 hit(s), 0 error(s), 0 left on base; Wisconsin Rapids 2 - Erie 2
TOP OF THE 7TH
Wisconsin Rapids Rangers batting - Pitching for Erie Jaxx : RHP Javier Bustamante
Pitching: LHP Jason Dean
Batting: LHB Luis Rodríguez 0-0: Ball
1-0: Called Strike
1-1: Swinging Strike
1-2: Strikes out looking
Pitching: LHP Luis Torres
Batting: SHB Forest Cruz 0-0: Called Strike
0-1: Swinging Strike
0-2: Ball
1-2: Ball
2-2: Foul Ball, location: 2F
2-2: Foul Ball, location: 2F
2-2: Strikes out looking
Batting: RHB Salvador Vázquez 0-0: Swinging Strike
0-1: Foul Ball, location: 2F
0-2: Ball
1-2: Foul Ball, location: 2F
1-2: Foul Ball, location: 2F
1-2: Ball
2-2: Ball
3-2: Base on Balls
Pinch Hitting: RHB Juan García 0-0: Ball
Salvador Vázquez steals 2nd base
1-0: Called Strike
1-1: Foul Ball, location: 2F
1-2: Strikes out looking
Top of the 7th over - 0 run(s), 0 hit(s), 0 error(s), 1 left on base; Wisconsin Rapids 2 - Erie 2
BOTTOM OF THE 7TH
Erie Jaxx batting - Pitching for Wisconsin Rapids Rangers : RHP Michael Peterson
Now at 2B: Luis Garza
Pinch Hitting: SHB Michael Field 0-0: Ball
1-0: Foul Ball, location: 2F
1-1: Ball
2-1: Ball
3-1: Base on Balls
Batting: RHB Luis Fuentes 0-0: Called Strike
0-1: Sac Bunt - play at first, batter OUT! 1-3
Michael Field to second
Batting: LHB Josh Pérez 0-0: Intentional Walk
Pinch Hitting: RHB Ken Longoria 0-0: Ball
1-0: Reached on error, E4 (Groundball, 4)
Michael Field to third
Josh Pérez to second
Batting: LHB Milton Watson 0-0: Foul Ball, location: 2F
0-1: Fielders Choice at 2nd, 3-6 (Groundball, 3)
Michael Field scores
Josh Pérez to third
Batting: RHB Steve Clifton 0-0: DOUBLE (Line Drive, 7LS)
Josh Pérez scores
Milton Watson to third
Pinch Hitting: SHB José Durango 0-0: Ball
1-0: Ball
2-0: Ball
3-0: Called Strike
3-1: Called Strike
3-2: Base on Balls
Batting: SHB Giel Molendijk 0-0: Ball
1-0: Swinging Strike
1-1: Called Strike
1-2: Ball
2-2: Foul Ball, location: 2F
2-2: Strikes out swinging
Bottom of the 7th over - 2 run(s), 1 hit(s), 1 error(s), 3 left on base; Wisconsin Rapids 2 - Erie 4
TOP OF THE 8TH
Wisconsin Rapids Rangers batting - Pitching for Erie Jaxx : LHP Luis Torres
Now at 2B: Guaspar Vasche
Now at SS: José Durango
Now in LF: Michael Field
Batting: RHB Eric Thompson 0-0: Swinging Strike
0-1: Ball
1-1: Foul Ball, location: 2F
1-2: Fly out, F8 (Flyball, 8LM)
Batting: RHB Pedro Ramírez 0-0: Called Strike
0-1: Ball
1-1: Ball
2-1: Called Strike
2-2: Fly out, F7 (Flyball, 7M)
Batting: RHB Hunter Plunket 0-0: Foul Ball, location: 2F
0-1: Ball
1-1: Called Strike
1-2: Strikes out looking
Top of the 8th over - 0 run(s), 0 hit(s), 0 error(s), 0 left on base; Wisconsin Rapids 2 - Erie 4
BOTTOM OF THE 8TH
Erie Jaxx batting - Pitching for Wisconsin Rapids Rangers : RHP Michael Peterson
Batting: RHB Júlio Hernández 0-0: Called Strike
0-1: Ball
1-1: Swinging Strike
1-2: Foul Ball, location: 2F
1-2: Strikes out swinging
Batting: SHB Michael Field 0-0: Foul Ball, location: 2F
0-1: Swinging Strike
0-2: DOUBLE (Groundball, 5L)
Batting: RHB Luis Fuentes 0-0: Ball
1-0: Fly out, F9 (Line Drive, 9M)
1-0: Lined into DP, 9-6 (Line Drive, 9M)
Bottom of the 8th over - 0 run(s), 1 hit(s), 0 error(s), 0 left on base; Wisconsin Rapids 2 - Erie 4
TOP OF THE 9TH
Wisconsin Rapids Rangers batting - Pitching for Erie Jaxx : LHP Luis Torres
Pitching: RHP Juan Silva
Batting: LHB Ronald Gordon 0-0: Ball
1-0: Called Strike
1-1: Called Strike
1-2: Foul Ball, location: 2F
1-2: Foul Ball, location: 2F
1-2: Fly out, F6 (Popup, 6D)
Batting: RHB Luis López 0-0: Ball
1-0: Called Strike
1-1: Ground out 6-3 (Groundball, 6)
Batting: LHB Luis Rodríguez 0-0: Foul Ball, location: 2F
0-1: Swinging Strike
0-2: Ground out 3-1 (Groundball, 34)
Top of the 9th over - 0 run(s), 0 hit(s), 0 error(s), 0 left on base; Wisconsin Rapids 2 - Erie 4
Monday, December 5th, 2016 - OOTP Baseball 17.12 Build 75